AoeStats
← Gelekikker

Oasis

509947482Analyzed
2v2 RM · 4d ago on Sep 28, 2026· 46m 26s· 4 players
Game mode
Random Map
Map size
Medium (4 player)
Population
200
Speed
Normal
Resources
Standard
Victory
Conquest
Starting age
Dark Age
Ending age
Imperial Age
RankedLock teamsTeams togetherTeam positionsShared explorationLock speedFull tech treeHidden civsTurbo modeCheats
Victory
Defeat
🇬🇧 Poles · United Kingdom
1189
+17
🇦🇷 Britons · Argentina
1152
+19
🇳🇱 Khmer · Netherlands
1208
-18
🇳🇱 Burmese · Netherlands
1203
-18
zoibe
3:48 Loom
10:38 Feudal Age
11:30 Double-Bit Axe
13:29 Horse Collar
21:18 Castle Age
20:05 Forging
20:22 Bloodlines
21:11 Scale Barding Armor
22:39 Bow Saw
22:21 Stone Mining
26:40 Heavy Plow
29:26 Wheelbarrow
29:28 Stone Shaft Mining
30:34 Chain Barding Armor
30:48 Husbandry
31:20 Hand Cart
30:57 Gold Mining
31:50 Town Watch
35:02 Iron Casting
35:32 Fletching
35:54 Masonry
36:18 Szlachta Privileges
39:33 Imperial Age
41:00 Conscription
40:03 Cavalier
41:47 Blast Furnace
40:59 Capped Ram
43:38 Siege Ram
44:24 Light Cavalry
Darmoran
6:51 Loom
9:37 Feudal Age
10:37 Double-Bit Axe
12:23 Horse Collar
15:32 Fletching
17:39 Padded Archer Armor
22:23 Castle Age
22:23 Gold Mining
22:53 Crossbowman
23:30 Bodkin Arrow
24:46 Bow Saw
25:56 Ballistics
30:13 Wheelbarrow
32:16 Hand Cart
33:46 Heavy Plow
34:24 Gold Shaft Mining
33:41 Stone Mining
39:29 Imperial Age
40:07 Leather Archer Armor
39:37 Arbalester
40:20 Bracer
40:20 Town Watch
41:40 Two-Man Saw
43:23 Chemistry
45:54 Conscription
45:58 Yeomen
wtjebbe
6:10 Loom
9:27 Feudal Age
10:42 Horse Collar
19:37 Castle Age
17:41 Double-Bit Axe
21:05 Bloodlines
21:47 Forging
21:42 Scale Barding Armor
21:19 Light Cavalry
25:41 Iron Casting
25:27 Chain Barding Armor
27:47 Elite Skirmisher
28:46 Bow Saw
30:37 Fletching
32:02 Gold Mining
33:16 Husbandry
33:54 Heavy Plow
34:50 Bodkin Arrow
34:55 Padded Archer Armor
35:00 Stone Mining
35:48 Gold Shaft Mining
35:53 Wheelbarrow
35:04 Town Watch
45:26 Imperial Age
43:11 Hand Cart
Gelekikker
5:04 Loom
9:40 Feudal Age
11:24 Horse Collar
11:47 Man-at-Arms
15:44 Arson
16:15 Fletching
22:29 Castle Age
20:41 Padded Archer Armor
23:32 Wheelbarrow
23:08 Elite Skirmisher
23:45 Bodkin Arrow
24:50 Scale Barding Armor
24:56 Forging
24:47 Gold Mining
25:04 Heavy Plow
26:56 Bloodlines
27:23 Husbandry
29:57 Ballistics
30:48 Light Cavalry
31:43 Stone Mining
33:51 Chain Barding Armor
33:56 Town Watch
35:48 Iron Casting
36:45 Manipur Cavalry
41:29 Imperial Age
40:38 Hand Cart
44:20 Blast Furnace
43:21 Bracer
42:55 Cavalier
44:51 Plate Barding Armor
45:41 Chemistry
Connection lost

Rejoining the realm…

Still unreachable

The connection could not be restored.

Session expired

The server has moved on; the page needs a fresh start.